AoeStats
← AOKI_Shogi

Socotra

505308228Analyzed
4v4 RM · 24d ago on Sep 8, 2026· 28m 26s· 8 players
Game mode
Random Map
Map size
148×148
Population
200
Speed
Normal
Resources
Standard
Victory
Conquest
Starting age
Dark Age
Ending age
Imperial Age
RankedLock teamsTeams togetherTeam positionsShared explorationLock speedFull tech treeHidden civsTurbo modeCheats
Victory
Defeat
🇩🇪 Slavs · Germany
1495
+18
🇨🇳 Bohemians · China
1475
+19
🇸🇪 Maya · Sweden
1457
+20
🇦🇹 Persians · Austria
1455
+20
🇲🇦 Persians · Morocco
1644
-23
🇫🇷 Britons · France
1525
-19
🇫🇷 Magyars · France
1502
-18
🇫🇷 Japanese · France
1477
-17
Pipin
4:55 Loom
8:29 Feudal Age
9:09 Double-Bit Axe
14:32 Horse Collar
22:59 Castle Age
21:46 Scale Barding Armor
21:48 Gold Mining
22:31 Bloodlines
23:02 Light Cavalry
23:58 Forging
26:33 Chain Barding Armor
[DDocs] Haasal
9:31 Feudal Age
9:07 Loom
10:07 Double-Bit Axe
12:26 Horse Collar
16:49 Scale Barding Armor
18:04 Forging
20:08 Bloodlines
24:28 Castle Age
25:20 Chain Barding Armor
24:22 Light Cavalry
25:50 Bow Saw
28:51 Wheelbarrow
Sgt. Love
0:27 Loom
9:37 Feudal Age
14:28 Fletching
23:00 Castle Age
22:46 Padded Archer Armor
23:38 Bodkin Arrow
23:12 Crossbowman
25:35 Ballistics
27:06 Thumb Ring
27:14 Town Watch
28:04 Wheelbarrow
Smile
4:30 Loom
6:29 Loom
8:56 Feudal Age
10:19 Double-Bit Axe
15:33 Fletching
16:44 Padded Archer Armor
20:30 Wheelbarrow
23:49 Castle Age
24:04 Crossbowman
25:16 Bow Saw
25:40 Bodkin Arrow
26:30 Horse Collar
AOKI_Shogi
7:08 Loom
9:30 Feudal Age
11:29 Man-at-Arms
12:46 Arson
14:27 Town Watch
14:30 Double-Bit Axe
15:45 Fletching
17:31 Padded Archer Armor
26:14 Castle Age
26:28 Gold Mining
27:30 Bow Saw
26:42 Crossbowman
27:10 Elite Skirmisher
Skrillll
8:36 Feudal Age
7:46 Loom
9:08 Double-Bit Axe
9:04 Horse Collar
18:45 Wheelbarrow
18:58 Bloodlines
22:22 Castle Age
21:25 Gold Mining
22:01 Scale Barding Armor
22:33 Forging
22:11 Light Cavalry
23:23 Chain Barding Armor
25:33 Husbandry
26:03 Bow Saw
virustg
7:01 Loom
9:56 Feudal Age
10:39 Double-Bit Axe
13:37 Town Watch
17:21 Fletching
20:59 Padded Archer Armor
25:34 Scale Mail Armor
26:29 Wheelbarrow
29:06 Castle Age
atchoubaka
6:14 Loom
9:29 Feudal Age
14:45 Bloodlines
23:44 Castle Age
24:53 Husbandry
24:59 Scale Barding Armor
Connection lost

Rejoining the realm…

Still unreachable

The connection could not be restored.

Session expired

The server has moved on; the page needs a fresh start.